3L
CHARLESTON BATTERY @ QUEBEC CITY LES BLEUS
09/20/2034
 
TOP OF THE 1ST
Charleston Battery batting - Pitching for Quebec City Les Bleus : RHP Michael Machen
Pitching: RHP Michael Machen
Batting: LHB Joey Coco 0-0: Ball
1-0: Ball
2-0: Called Strike
2-1: Foul Ball, location: 2F
2-2: Foul Ball, location: 2F
2-2: Ground out 4-3 (Groundball, 4)
Batting: LHB Datu Lesaca 0-0: Fly out, F7 (Flyball, 78S)
Batting: SHB Jasper Morrison 0-0: Fly out, F6 (Popup, P)
Top of the 1st over - 0 runs, 0 hits, 0 errors, 0 left on base; Charleston 0 - Quebec City 0
BOTTOM OF THE 1ST
Quebec City Les Bleus batting - Pitching for Charleston Battery : LHP Carlos Medina
Pitching: LHP Carlos Medina
Batting: SHB Arvo Helminen 0-0: Ball
1-0: Called Strike
1-1: Ball
2-1: Called Strike
2-2: Strikes out swinging
Batting: RHB Jack Bonner 0-0: Called Strike
0-1: Called Strike
0-2: Foul Ball, location: 2F
0-2: DOUBLE (Line Drive, 9LM)
Batting: RHB Kameron Guangorena 0-0: Fly out, F5 (Line Drive, 6)
Batting: LHB Jeff Simpson 0-0: Called Strike
0-1: Ball
1-1: Ball
2-1: Ball
3-1: Base on Balls
Batting: LHB Palaie Gaoteote 0-0: Called Strike
0-1: Fly out, F2 (Popup, 25F)
Bottom of the 1st over - 0 runs, 1 hit, 0 errors, 2 left on base; Charleston 0 - Quebec City 0
TOP OF THE 2ND
Charleston Battery batting - Pitching for Quebec City Les Bleus : RHP Michael Machen
Batting: LHB Spencer Powell 0-0: Called Strike
0-1: Called Strike
0-2: Foul Ball, location: 2F
0-2: Foul Ball, location: 2F
0-2: Ball
1-2: Strikes out swinging
Batting: RHB Paco Muńóz 0-0: Foul Ball, location: 2F
0-1: Foul Ball, location: 2F
0-2: Ground out 6-3 (Groundball, 6)
Batting: LHB Vicente Gonzáles 0-0: Ball
1-0: Ball
2-0: Called Strike
2-1: Fly out, F9 (Flyball, 89M)
Top of the 2nd over - 0 runs, 0 hits, 0 errors, 0 left on base; Charleston 0 - Quebec City 0
BOTTOM OF THE 2ND
Quebec City Les Bleus batting - Pitching for Charleston Battery : LHP Carlos Medina
Batting: RHB Lane McCool 0-0: Ball
1-0: Called Strike
1-1: Foul Ball, location: 2F
1-2: Strikes out looking
Batting: LHB Scott Janousek 0-0: Ball
1-0: Ball
2-0: Ground out 3-1 (Groundball, 3D)
Batting: RHB Cam MacIntosh 0-0: Ball
1-0: Fly out, F8 (Flyball, 8RD)
Bottom of the 2nd over - 0 runs, 0 hits, 0 errors, 0 left on base; Charleston 0 - Quebec City 0
TOP OF THE 3RD
Charleston Battery batting - Pitching for Quebec City Les Bleus : RHP Michael Machen
Batting: RHB Luis Ríos 0-0: Called Strike
0-1: Called Strike
0-2: Fly out, F6 (Line Drive, 6)
Batting: RHB Fernando Rivera 0-0: Ball
1-0: Called Strike
1-1: Swinging Strike
1-2: Strikes out looking
Batting: RHB Jesús Ruano 0-0: Hit by Pitch
Batting: LHB Joey Coco 0-0: Called Strike
0-1: Ball
1-1: Ground out 1-3 (Groundball, 15S)
Top of the 3rd over - 0 runs, 0 hits, 0 errors, 1 left on base; Charleston 0 - Quebec City 0
BOTTOM OF THE 3RD
Quebec City Les Bleus batting - Pitching for Charleston Battery : LHP Carlos Medina
Batting: RHB Reg Spiers 0-0: Called Strike
0-1: Ball
1-1: Ball
2-1: Ball
3-1: SINGLE (Line Drive, 9LS)
Batting: SHB Arvo Helminen 0-0: Called Strike
0-1: Ball
1-1: Fly out, F9 (Flyball, 9S)
Batting: RHB Jack Bonner 0-0: Ball
1-0: Called Strike
1-1: Ball
2-1: Ball
3-1: Called Strike
3-2: Foul Ball, location: 2F
3-2: Fly out, F6 (Line Drive, 6)
Lined into DP, 6-3 (Line Drive, 6)
Bottom of the 3rd over - 0 runs, 1 hit, 0 errors, 0 left on base; Charleston 0 - Quebec City 0
TOP OF THE 4TH
Charleston Battery batting - Pitching for Quebec City Les Bleus : RHP Michael Machen
Batting: LHB Datu Lesaca 0-0: Ball
1-0: Ball
2-0: Called Strike
2-1: Fly out, F9 (Flyball, 9LSF)
Batting: SHB Jasper Morrison 0-0: Called Strike
0-1: Ball
1-1: SINGLE (Groundball, 56D)
Batting: LHB Spencer Powell 0-0: SINGLE (Groundball, 34D)
Jasper Morrison to second
Runner from 2nd tries for 3rd, SAFE, throw made to third
Batting: RHB Paco Muńóz 0-0: Ball
1-0: Ball
2-0: Swinging Strike
2-1: Ball
3-1: Called Strike
3-2: 3-RUN HOME RUN (Flyball, 78XD), Distance : 397 ft
Batting: LHB Vicente Gonzáles 0-0: Foul Ball, location: 2F
0-1: Ball
1-1: Foul Ball, location: 2F
1-2: Strikes out swinging
Batting: RHB Luis Ríos 0-0: Ball
1-0: Foul Ball, location: 2F
1-1: Called Strike
1-2: Ball
2-2: Ball
3-2: Foul Ball, location: 2F
3-2: Fly out, F9 (Flyball, 89S)
Top of the 4th over - 3 runs, 3 hits, 0 errors, 0 left on base; Charleston 3 - Quebec City 0
BOTTOM OF THE 4TH
Quebec City Les Bleus batting - Pitching for Charleston Battery : LHP Carlos Medina
Batting: RHB Kameron Guangorena 0-0: Ball
1-0: SINGLE (Line Drive, 6MD)
Batting: LHB Jeff Simpson 0-0: Foul Ball, location: 2F
0-1: Ball
1-1: Grounds into double play, 4-6-3 (Groundball, 4)
Batting: LHB Palaie Gaoteote 0-0: Called Strike
0-1: Ball
1-1: Foul Ball, location: 2F
1-2: Ball
2-2: Strikes out swinging
Bottom of the 4th over - 0 runs, 1 hit, 0 errors, 0 left on base; Charleston 3 - Quebec City 0
TOP OF THE 5TH
Charleston Battery batting - Pitching for Quebec City Les Bleus : RHP Michael Machen
Batting: RHB Fernando Rivera 0-0: Ball
1-0: Foul Ball, location: 2F
1-1: Swinging Strike
1-2: Ball
2-2: Strikes out swinging
Batting: RHB Jesús Ruano 0-0: Ball
1-0: Called Strike
1-1: Foul Ball, location: 2F
1-2: Strikes out swinging
Batting: LHB Joey Coco 0-0: Ball
1-0: Fly out, F4 (Flyball, 34D)
Top of the 5th over - 0 runs, 0 hits, 0 errors, 0 left on base; Charleston 3 - Quebec City 0
BOTTOM OF THE 5TH
Quebec City Les Bleus batting - Pitching for Charleston Battery : LHP Carlos Medina
Batting: RHB Lane McCool 0-0: Ball
1-0: Foul Ball, location: 2F
1-1: Foul Ball, location: 2F
1-2: Ground out 4-3 (Groundball, 4S)
Batting: LHB Scott Janousek 0-0: Foul Ball, location: 2F
0-1: Ball
1-1: Swinging Strike
1-2: Ball
2-2: Ball
3-2: Ground out 5-3 (Groundball, 56S)
Batting: RHB Cam MacIntosh 0-0: Fly out, F7 (Line Drive, 78M)
Bottom of the 5th over - 0 runs, 0 hits, 0 errors, 0 left on base; Charleston 3 - Quebec City 0
TOP OF THE 6TH
Charleston Battery batting - Pitching for Quebec City Les Bleus : RHP Michael Machen
Batting: LHB Datu Lesaca 0-0: Called Strike
0-1: Ball
1-1: Foul Ball, location: 2F
1-2: Ball
2-2: Ball
3-2: Base on Balls
Batting: SHB Jasper Morrison 0-0: Swinging Strike
0-1: Ball
1-1: Ball
2-1: Foul Ball, location: 2F
2-2: Strikes out looking
Batting: LHB Spencer Powell 0-0: Ball
1-0: Called Strike
1-1: SINGLE (Groundball, 3D)
Datu Lesaca to second
Runner from 2nd tries for 3rd, SAFE, no throw
Batting: RHB Paco Muńóz 0-0: Called Strike
0-1: Called Strike
0-2: Ball
1-2: Ball
2-2: Foul Ball, location: 2F
2-2: Ball
Wild Pitch!
Datu Lesaca scores
Spencer Powell to second
3-2: Fly out, F4 (Popup, 4)
Batting: LHB Vicente Gonzáles 0-0: Called Strike
0-1: Swinging Strike
0-2: Fly out, F7 (Flyball, 78S)
Top of the 6th over - 1 run, 1 hit, 0 errors, 1 left on base; Charleston 4 - Quebec City 0
BOTTOM OF THE 6TH
Quebec City Les Bleus batting - Pitching for Charleston Battery : LHP Carlos Medina
Batting: RHB Reg Spiers 0-0: Ground out U3 (Groundball, 34)
Batting: SHB Arvo Helminen 0-0: Called Strike
0-1: Swinging Strike
0-2: Strikes out looking
Batting: RHB Jack Bonner 0-0: Ball
1-0: Called Strike
1-1: Foul Ball, location: 2F
1-2: Strikes out swinging
Bottom of the 6th over - 0 runs, 0 hits, 0 errors, 0 left on base; Charleston 4 - Quebec City 0
TOP OF THE 7TH
Charleston Battery batting - Pitching for Quebec City Les Bleus : RHP Michael Machen
Batting: RHB Luis Ríos 0-0: Ball
1-0: Ball
2-0: Called Strike
2-1: Swinging Strike
2-2: Ball
3-2: Foul Ball, location: 2F
3-2: Fly out, F4 (Popup, 13)
Batting: RHB Fernando Rivera 0-0: Ball
1-0: Called Strike
1-1: Foul Ball, location: 2F
1-2: Strikes out swinging
Batting: RHB Jesús Ruano 0-0: Ground out 3-1 (Groundball, 34S)
Top of the 7th over - 0 runs, 0 hits, 0 errors, 0 left on base; Charleston 4 - Quebec City 0
BOTTOM OF THE 7TH
Quebec City Les Bleus batting - Pitching for Charleston Battery : LHP Carlos Medina
Batting: RHB Kameron Guangorena 0-0: Called Strike
0-1: Ball
1-1: Fly out, F9 (Flyball, 9S)
Batting: LHB Jeff Simpson 0-0: Ball
1-0: Swinging Strike
1-1: Called Strike
1-2: Foul Ball, location: 2F
1-2: Ball
2-2: Ball
3-2: Foul Ball, location: 2F
3-2: Ground out 3-1 (Groundball, 34)
Batting: LHB Palaie Gaoteote 0-0: Called Strike
0-1: Swinging Strike
0-2: Foul Ball, location: 2F
0-2: Ball
1-2: Strikes out swinging
Bottom of the 7th over - 0 runs, 0 hits, 0 errors, 0 left on base; Charleston 4 - Quebec City 0
TOP OF THE 8TH
Charleston Battery batting - Pitching for Quebec City Les Bleus : RHP Michael Machen
Pitching: RHP Carlos Garza
Batting: LHB Joey Coco 0-0: Ball
1-0: Ball
2-0: Ball
3-0: Base on Balls
Batting: LHB Datu Lesaca 0-0: Sac Bunt - play at first, batter safe!
Joey Coco to second
Batting: SHB Jasper Morrison 0-0: Ball
1-0: Swinging Strike
1-1: Ball
2-1: Foul Ball, location: 2F
2-2: SINGLE (Flyball, 56D)
Joey Coco to third
Datu Lesaca to second
Runner from 3rd tries for Home, SAFE, no throw
Batting: LHB Spencer Powell 0-0: Ball
Datu Lesaca steals 3rd base
1-0: Ball
2-0: Ball
3-0: Called Strike
3-1: Fly out, F8 (Line Drive, 8LXD)
Runner from 3rd tags up, SCORES, no throw
Batting: RHB Paco Muńóz 0-0: Called Strike
0-1: Ball
1-1: Grounds into double play, 5-4-3 (Groundball, 5)
Top of the 8th over - 2 runs, 2 hits, 0 errors, 0 left on base; Charleston 6 - Quebec City 0
BOTTOM OF THE 8TH
Quebec City Les Bleus batting - Pitching for Charleston Battery : LHP Carlos Medina
Batting: RHB Lane McCool 0-0: Called Strike
0-1: Ground out 3-1 (Groundball, 34S)
Batting: LHB Scott Janousek 0-0: Called Strike
0-1: Ground out 4-3 (Groundball, 4)
Batting: RHB Cam MacIntosh 0-0: Ball
1-0: Ball
2-0: Ball
3-0: Called Strike
3-1: Swinging Strike
3-2: Ground out 1-3 (Groundball, 13)
Bottom of the 8th over - 0 runs, 0 hits, 0 errors, 0 left on base; Charleston 6 - Quebec City 0
TOP OF THE 9TH
Charleston Battery batting - Pitching for Quebec City Les Bleus : RHP Carlos Garza
Batting: LHB Vicente Gonzáles 0-0: Ball
1-0: SINGLE (Groundball, 3D)
Batting: RHB Luis Ríos 0-0: Foul Ball, location: 2F
0-1: Called Strike
0-2: Ball
1-2: TRIPLE (Flyball, 8LXD)
Vicente Gonzáles scores
Batting: RHB Fernando Rivera 0-0: Called Strike
0-1: Ball
1-1: Foul Ball, location: 2F
1-2: Ball
2-2: Fly out, F8 (Flyball, 8RD)
Runner from 3rd tags up, OUT at HOME
Batting: RHB Jesús Ruano 0-0: Ground out 6-3 (Groundball, 6S)
Top of the 9th over - 1 run, 2 hits, 0 errors, 0 left on base; Charleston 7 - Quebec City 0
BOTTOM OF THE 9TH
Quebec City Les Bleus batting - Pitching for Charleston Battery : LHP Carlos Medina
Pitching: LHP Rafael Rivera
Batting: RHB Reg Spiers 0-0: Ball
1-0: Ball
2-0: Called Strike
2-1: Ground out 5-3 (Groundball, 56)
Batting: SHB Arvo Helminen 0-0: Foul Ball, location: 2F
0-1: Called Strike
0-2: Strikes out swinging
Batting: RHB Jack Bonner 0-0: Ball
1-0: Ball
2-0: Called Strike
2-1: Ball
3-1: Base on Balls
Batting: RHB Kameron Guangorena 0-0: Ball
1-0: Foul Ball, location: 2F
1-1: Foul Ball, location: 2F
1-2: Fly out, F8 (Flyball, 8RD)
Bottom of the 9th over - 0 runs, 0 hits, 0 errors, 1 left on base; Charleston 7 - Quebec City 0
Friday, March 29th, 2019 - OOTP Baseball 18.8 Build 76